 Dungeon Crawl Stone Soup version 0.30-a0-279-g4b46babb21 (webtiles) character file.

Game seed: 5669244470641637191

218 plokij the Slasher (level 5, -2/47 HPs)
             Began as a Minotaur Fighter on Oct 16, 2022.
             Slain by an orc priest
             ... wielding a +0 flail
              (7 damage)
             ... on level 4 of the Dungeon.
             The game lasted 00:12:15 (4502 turns).

plokij the Slasher (Minotaur Fighter)               Turns: 4502, Time: 00:12:18

Health: -2/47      AC: 12    Str: 20    XL:     5   Next: 63%
Magic:  4/4        EV:  7    Int:  5    God:
Gold:   219        SH:  5    Dex: 12    Spells: 4/4 levels left

rFire   . . .      SeeInvis .    a - +0 long sword
rCold   . . .      Faith    .    c - +0 buckler
rNeg    . . .      Spirit   .    v - +0 chain mail
rPois   .          Reflect  .    (helmet restricted)
rElec   .          Harm     .    (no cloak)
rCorr   .          Rampage  .    l - +0 pair of gloves
Will    .....                    r - +0 pair of boots
Stlth   ..........               (no amulet)
HPRegen 0.27/turn                (no ring)
MPRegen 0.09/turn                (no ring)

@: no status effects
A: horns 2, retaliatory headbutt
a: no special abilities


You were on level 4 of the Dungeon.
You visited 1 branch of the dungeon, and saw 4 of its levels.

You collected 219 gold pieces.

Inventory:

Hand Weapons
 a - a +0 long sword (weapon)
Missiles
 i - 9 atropa-tipped darts (quivered)
 n - 2 poisoned darts
 z - 17 stones
Armour
 c - a +0 buckler (worn)
 l - a +0 pair of gloves (worn)
 o - an orb of guile
 r - a +0 pair of boots (worn)
 v - a +0 chain mail (worn)
Magical Staves
 y - a staff of conjuration
Jewellery
 x - a ring of wizardry
Scrolls
 b - a scroll of magic mapping {unknown}
 f - a scroll of poison {unknown}
 g - a scroll of vulnerability {unknown}
 j - 3 scrolls of identify {unknown}
 k - 2 scrolls of amnesia {unknown}
 q - a scroll of blinking {unknown}
 s - a scroll of brand weapon {unknown}
Potions
 d - 2 potions of might
 e - a potion of curing {unknown}
 h - a potion of haste {unknown}
 m - a potion of flight {unknown}
 p - a potion of invisibility {unknown}
 t - a potion of degeneration {unknown}
 u - a potion of resistance {unknown}
 w - a potion of heal wounds {unknown}
 A - a potion of ambrosia {unknown}


   Skills:
 * Level 4.6 Fighting
 + Level 5.1 Long Blades
 + Level 4.8 Armour
 - Level 0.2 Dodging
 * Level 4.4 Shields


You had 4 spell levels left.
You didn't know any spells.
Your spell library contained the following spells:

 Spells                   Type           Power      Damage    Failure   Level
 Gell's Gravitas          Tloc           0%         N/A       100%        3
 Inner Flame              Hex/Fire       0%         N/A       100%        3
 Teleport Other           Tloc           0%         N/A       100%        3
 Flame Wave               Conj/Fire      0%         2d4       100%        4
 Sticky Flame             Conj/Fire      0%         2d3       100%        4
 Dispersal                Tloc           0%         N/A       100%        6


Dungeon Overview and Level Annotations

Branches:
Dungeon (4/15)
 Temple: D:4-7

Altars:
Makhleb

Shops:
D:2 !

Annotations:
D:4 Eustachio


Innate Abilities, Weirdness & Mutations

You have a pair of horns on your head.
You reflexively headbutt those who attack you in melee.


Message History

You barely miss the endoplasm.
The endoplasm hits you but does no damage.
You hit the endoplasm.
The endoplasm is moderately wounded.
The endoplasm freezes you.
You are frozen.
You slash the endoplasm!
You kill the endoplasm!
An orc wizard comes into view. It is wielding a +0 dagger.
The orc wizard shouts!
The orc hits you from afar with a +0 trident.
The orc wizard moves out of view.
The orc hits you but does no damage. The orc priest barely misses you.
The orc wizard hits you but does no damage.
You slash the orc!
You kill the orc!
The orc priest hits you but does no damage.
The orc wizard hits you but does no damage.
The orc priest hits you with a +0 flail.
You see here a +0 trident.
The orc priest attacks as you move away!
You block the orc priest's attack. You block the orc wizard's attack.
The orc wizard casts a spell at you. The puff of flame hits you!
You hit the orc wizard but do no damage.
The orc priest invokes the aid of Beogh against you.
You barely resist. The orc wizard closely misses you.
You closely miss the orc wizard.
The orc priest invokes the aid of Beogh against you.
Beogh smites you!
* * * LOW HITPOINT WARNING * * *
The orc wizard barely misses you.
The orc wizard hits you but does no damage.
You hit the orc wizard but do no damage.
The orc wizard casts a spell.
The orc wizard flickers and vanishes!
Deactivating autopickup; reactivate with Ctrl-A.
The orc wizard barely misses you.
The orc priest hits you with a +0 flail!
You die...

.....#.....#...
#).'........#...
.....#.....#...
#..#........#... .....#.....
#..#........'... .....#.....+
#..#........###.
..#..#.....##########....#####
## ..#..##..................#
###...#..................#
..#...#..........o.......#
..#...#........{@o.).#####
..#####........###'###
...............#..........
...............#..........
...............#..........
...............##...####+#
.......####.....##### .......#
#.....# .......+ #.....#


You could see an orc priest and an orc wizard.

Vanquished Creatures
  A scorpion (D:4)
  An iguana (D:4)
  4 adders
  A gnoll (D:1)
  A worm (D:2)
  4 dart slugs
  2 orcs (D:4)
  7 ball pythons
  6 bats
  8 endoplasms
  4 giant cockroaches
  3 hobgoblins
  3 quokkas
  4 frilled lizards
  7 goblins
  10 kobolds
  7 rats
73 creatures vanquished.

Notes
Turn   | Place    | Note
-------+----------+-------------------------------------------
     0 | D:1      | plokij the Minotaur Fighter began the quest for the Orb.
     0 | D:1      | Reached XP level 1. HP: 19/19 MP: 0/0
    62 | D:1      | Found a faded altar of an unknown god.
    63 | D:1      | Noticed a shining eye
    67 | D:1      | Noticed a shining eye
    67 | D:1      | Noticed a golden eye
    67 | D:1      | Noticed a golden eye
   182 | D:1      | Reached XP level 2. HP: 27/27 MP: 1/1
   620 | D:1      | Reached skill level 3 in Long Blades
   674 | D:1      | Reached XP level 3. HP: 33/33 MP: 2/2
  1898 | D:2      | Reached XP level 4. HP: 40/40 MP: 3/3
  2553 | D:2      | Found Yssunn's Distillery.
  2732 | D:3      | Reached skill level 4 in Long Blades
  3523 | D:4      | Found a burning altar of Makhleb.
  3596 | D:4      | Noticed a scorpion
  3615 | D:4      | Killed a scorpion
  3616 | D:4      | Reached XP level 5. HP: 14/47 MP: 4/4
  4089 | D:4      | Reached skill level 5 in Long Blades
  4301 | D:4      | Noticed Eustachio
  4502 | D:4      | Slain by an orc priest

Illustrated notes

Levels and vault maps discovered:
D:1:      dpeg_arrival_subterranean_lakeside_camping, layout_basic,
          hellmonk_ecumenical_altar_watching_god
D:2:      layout_loops_corners, serial_shops, shop
D:3:      layout_loops_cross
D:4:      layout_gridville, mainiacjoe_overflow_paths, kennysheep_donut,
          mrwooster_statue_mirror, uniq_eustachio

Skill      XL: |  1  2  3  4  5 |
---------------+----------------+-----
Shields        | 4 |  4.4
Fighting       | 4 |  4.6
Armour         | 4 |  4.8
Long Blades    | 3 4 5 |  5.1
Dodging        | |  0.2

Action                   |  1- 3 |  4- 6 || total
-------------------------+-------+-------++-------
Melee: Long sword        |    84 |    73 ||   157
       Headbutt          |    11 |    11 ||    22
Armor: Scale mail        |    35 |    17 ||    52
       Chain mail        |       |    25 ||    25
Dodge: Dodged            |    34 |    28 ||    62
Block: Buckler           |    22 |    15 ||    37

Table legend: (Time is in decaauts)
 A = Elapsed time spent in this place.
 B = Non-inter-level travel time spent in this place.
 C = Inter-level travel time spent in this place.
 D = Time resting spent in this place.
 E = Time spent auto-exploring this place.
 F = Levels seen in this place.
 G = Mean time per level.
                   A        B        C        D        E       F      G
               +--------+--------+--------+--------+--------+-----+--------+
         Total |   4549 |   3960 |    589 |   1288 |   1982 |   4 | 1137.2 |
       Dungeon |   4549 |   3960 |    589 |   1288 |   1982 |   4 | 1137.2 |
               +--------+--------+--------+--------+--------+-----+--------+

Top non-repeatable levels by time:
     D:2: 1529 daAuts
     D:3: 1288 daAuts
     D:1: 1131 daAuts
     D:4: 600 daAuts
